 Dungeon Crawl Stone Soup version 0.31-a0-1099-g7fa767f3fe (webtiles) character file.

Game seed: 13334737811653439645

410 Gumption the Digger (level 6, 0/51 HPs)
             Began as a Draconian Earth Elementalist on Dec 1, 2023.
             Was a Follower of Wu Jian.
             Slain by an unseen horror (3 damage)
             ... on level 5 of the Dungeon.
             The game lasted 00:25:09 (3332 turns).

Gumption the Digger (Draconian Earth Elementalist)  Turns: 3332, Time: 00:25:09

Health: 0/51       AC: 12    Str: 10    XL:     6   Next: 58%
Magic:  1/20       EV: 11    Int: 17    God:    Wu Jian [*.....]
Gold:   206        SH:  5    Dex: 12    Spells: 6/12 levels left

rFire   . . .        b - +2 dagger (venom)
rCold   . . .        p - +2 buckler
rNeg    . . .        (body armour unavailable)
rPois   .            x - +0 hat
rElec   .            y - +0 cloak
rCorr   .            q - +0 pair of gloves
SInv    .            (no boots)
Will    .....        n - amulet of the acrobat
Stlth   ++           m - ring of magical power
HPRegen 0.28/turn    v - +4 ring of protection
MPRegen 0.17/turn

%: acrobat
@: no status effects
A: AC +6, unfitting armour, cold-blooded
a: Renounce Religion


You were on level 5 of the Dungeon.
You worshipped Wu Jian.
Wu Jian was aware of your devotion.
You visited 1 branch of the dungeon, and saw 6 of its levels.

You collected 206 gold pieces.

Inventory:

Hand Weapons
 b - a +2 dagger of venom (weapon)
 w - a +1 falchion of holy wrath
Missiles
 d - 33 stones
Armour
 p - a +2 buckler (worn)
 q - a +0 pair of gloves (worn)
 x - a +0 hat (worn)
 y - a +0 cloak (worn)
Magical Staves
 a - a staff of conjuration
Jewellery
 k - a ring of magical power
 m - a ring of magical power (left hand)
 n - an amulet of the acrobat (around neck)
 o - a +6 ring of intelligence
 v - a +4 ring of protection (right hand)
Scrolls
 f - a scroll of blinking {unknown}
 g - a scroll of teleportation {unknown}
 h - a scroll of identify {unknown}
 i - a scroll of immolation {unknown}
 j - a scroll of noise {unknown}
 l - a scroll of butterflies {unknown}
 r - a scroll of vulnerability {unknown}
 s - a scroll of revelation {unknown}
 u - a scroll of poison {unknown}
 z - 2 scrolls of enchant armour {unknown}
Potions
 c - a potion of invisibility {unknown}
 e - 2 potions of lignification {unknown}
 t - a potion of magic


   Skills:
 + Level 3.4 Fighting
 - Level 1.7 Dodging
 - Level 1.7 Stealth
 + Level 3.6 Spellcasting
 - Level 1.0 Transmutations
 * Level 5.7 Earth Magic


You had 6 spell levels left.
You knew the following spells:

 Your Spells              Type           Power      Damage    Failure   Level
a - Sandblast             Erth           44%        2d11      2%          1
b - Passwall              Tmut/Erth      11%        N/A       10%         2
c - Stone Arrow           Conj/Erth      24%        3d8       22%         3

Your spell library contained the following spells:

 Spells                   Type           Power      Damage    Failure   Level
 Apportation              Tloc           6%         N/A       26%         1
 Magic Dart               Conj           12%        1d3       26%         1
 Necrotise                Necr           12%        1d4       26%         1
 Summon Small Mammal      Summ           12%        N/A       26%         1
 Searing Ray              Conj           6%         2d4       36%         2
 Petrify                  Tmut/Erth      14%        N/A       52%         4
 Brom's Barrelling Bould  Conj/Erth      12%        2d4       58%         4
 Fulminant Prism          Conj/Hex       1%         3d5       94%         4


Dungeon Overview and Level Annotations

Branches:
Dungeon (6/15)
 Temple: D:4-7

Altars:
Elyvilon
Wu Jian

Shops:
D:1 [

Annotations:
D:3 Terence


Innate Abilities, Weirdness & Mutations

Your plain brown scales are hard. (AC +6)
You cannot fit into any form of body armour.
You are cold-blooded and may be slowed by cold attacks.


Message History

Confirm with . or Enter, or press ? or * to list all spells.
Aiming: Sandblast (safe; 2% risk of failure)
Press: ? - help, Shift-Dir - straight line The blast of sand hits something but does no damage.
Something hits you but does no damage.
Casting: Sandblast (safe; 2% risk of failure)
Confirm with . or Enter, or press ? or * to list all spells.
Aiming: Sandblast (safe; 2% risk of failure)
Press: ? - help, Shift-Dir - straight line The blast of sand hits something.
Something completely misses you. Something hits you but does no damage.
Something hits you.
* * * LOW HITPOINT WARNING * * *
Casting: Sandblast (safe; 2% risk of failure)
Confirm with . or Enter, or press ? or * to list all spells.
Aiming: Sandblast (safe; 2% risk of failure)
Press: ? - help, Shift-Dir - straight line Something hits you but does no damage. x2
Casting: Sandblast (safe; 2% risk of failure)
Confirm with . or Enter, or press ? or * to list all spells.
You can't see any susceptible monsters within range! (Use Z to cast anyway.)
You hit something but do no damage. You tail-slap something.
Something hits you.
* * * LOW HITPOINT WARNING * * *
Something hits you.
* * * LOW HITPOINT WARNING * * *
Casting: Sandblast (safe; 2% risk of failure)
Confirm with . or Enter, or press ? or * to list all spells.
Aiming: Sandblast (safe; 2% risk of failure)
Press: ? - help, Shift-Dir - straight line The blast of sand hits something.
Something hits you but does no damage. x2
Your magical contamination has completely faded away.
Your +2 dagger of venom begins to drip with poison!
b - a +2 dagger of venom (weapon)
Something hits you but does no damage.
You closely miss something. Something hits you.
* * * LOW HITPOINT WARNING * * *
Something hits you.
* * * LOW HITPOINT WARNING * * *
Something hits you.
You die...

###### .: ##.# ######.....
#.##...# ......... .# #.#.#..
#...... .. #....# #....#
#.#....# #....# ##### #......#
##....####...########...######.
#........'...'@{....'..........
##'########...########...######.
#...# #...# ##### ##...# #...#
.....# ##### #.....# ##.....#
#...#..# ........#


There were no monsters in sight!

Vanquished Creatures
  Grinder (D:3)
  Crazy Yiuf (D:3)
  3 orc wizards (D:3)
  5 adders
  8 orcs (D:3)
  3 ball pythons
  4 bats
  5 endoplasms
  A giant cockroach (D:2)
  7 goblins
  5 hobgoblins
  3 jackals (D:1)
  A quokka (D:1)
  3 frilled lizards
  2 kobolds
  5 rats
57 creatures vanquished.

Notes
Turn   | Place    | Note
-------+----------+-------------------------------------------
     0 | D:1      | Gumption the Draconian Earth Elementalist began the quest
                  | for the Orb.
     0 | D:1      | Reached XP level 1. HP: 14/14 MP: 3/3
   428 | D:1      | Found Car Wuha's Antique Armour Emporium.
   599 | D:1      | Reached XP level 2. HP: 22/22 MP: 5/5
  1004 | D:2      | Reached skill level 1 in Fighting
  1130 | D:2      | Learned a level 2 spell: Passwall
  1276 | D:2      | Reached XP level 3. HP: 28/28 MP: 6/6
  1399 | D:2      | Learned a level 3 spell: Stone Arrow
  1509 | D:2      | Found a white marble altar of Elyvilon.
  1577 | D:2      | Found a faded altar of an unknown god.
  1584 | D:2      | Prayed at the altar of an unknown god.
  1584 | D:2      | Became a worshipper of the Wu Jian Council
  1584 | D:2      | Reached * piety under Wu Jian
  1641 | D:3      | Noticed Grinder
  1643 | D:3      | Paralysed by Grinder for 2 turns
  1653 | D:3      | Killed Grinder
  1654 | D:3      | Reached skill level 5 in Earth Magic
  1654 | D:3      | Reached XP level 4. HP: 5/38 MP: 8/8
  1654 | D:3      | Reached XP level 5. HP: 6/45 MP: 9/9
  1825 | D:3      | Reached XP level 6. HP: 51/51 MP: 10/10
  1949 | D:3      | Noticed Terence
  2637 | D:3      | Reached ** piety under Wu Jian
  2675 | D:3      | Found a runed translucent door.
  2676 | D:3      | Noticed Crazy Yiuf
  3163 | D:3      | Killed Crazy Yiuf
  3227 | D:4      | You fall into a shaft and drop 2 floors!
  3233 | D:5      | Entered Level 5 of the Dungeon
  3332 | D:5      | Slain by an unseen horror

Illustrated notes

Levels and vault maps discovered:
D:1:      lightli_iron_boxes, layout_loops_cross, serial_shops, shop
D:2:      layout_rooms, basic_altar,
          dreamdust_ecumenical_altar_hidden_monk_grotto, minmay_quantized
D:3:      layout_loops_ring, uniq_terence, uniq_crazy_yiuf_cottage, uniq_grinder
D:4:      layout_basic, uniq_edmund
D:5:      layout_basic, serial_rivers, chequers_serial_rivers_small_a,
          chequers_serial_rivers_small_3, chequers_serial_rivers_micro_a,
          chequers_serial_rivers_small_b, serial_shops, shop,
          minmay_manual_monstrance
D:6:      layout_rooms, nicolae_overflow_hidden_temple,
          minmay_temple_entry_ruins

Skill      XL: |  1  2  3 |
---------------+----------+-----
Fighting       | 1 3 |  3.4
Spellcasting   | 3 |  3.6
Earth Magic    | 5 |  5.7
Dodging        | |  1.7
Stealth        | |  1.7
Transmutations | |  1.0

Action                     |  1- 3 |  4- 6 || total
---------------------------+-------+-------++-------
  Melee: Spear             |     5 |       ||     5
         Tailslap          |     1 |     1 ||     2
         Staff             |       |     3 ||     3
         Dagger            |       |     1 ||     1
  Throw: Stone             |     5 |       ||     5
   Cast: Sandblast         |    59 |    44 ||   103
         Stone Arrow       |       |     3 ||     3
 Armour: Skin              |    22 |    45 ||    67
  Dodge: Dodged            |    10 |     8 ||    18
  Block: Buckler           |     1 |     2 ||     3

Table legend: (Time is in decaauts)
 A = Elapsed time spent in this place.
 B = Non-inter-level travel time spent in this place.
 C = Inter-level travel time spent in this place.
 D = Time resting spent in this place.
 E = Time spent auto-exploring this place.
 F = Levels seen in this place.
 G = Mean time per level.
                   A        B        C        D        E       F      G
               +--------+--------+--------+--------+--------+-----+--------+
         Total |   3384 |   3315 |     69 |    556 |   1755 |   6 |  564.0 |
       Dungeon |   3384 |   3315 |     69 |    556 |   1755 |   6 |  564.0 |
               +--------+--------+--------+--------+--------+-----+--------+

Top non-repeatable levels by time:
     D:3: 1424 daAuts
     D:1: 928 daAuts
     D:2: 903 daAuts
     D:5: 102 daAuts
     D:4: 20 daAuts
     D:6: 5 daAuts
